 Dungeon Crawl Stone Soup version 0.27-a0-522-g46bbb28828 (webtiles) character file.

Game seed: 6168761406405024812

185 Azuregosa the Magician (level 5, 0/28 HPs)
             Began as a Gargoyle Enchanter on Mar 5, 2021.
             Was an Initiate of Okawaru.
             Slain by an orc
             ... wielding a +0 trident
              (2 damage)
             ... on level 5 of the Dungeon.
             The game lasted 00:16:28 (2982 turns).

Azuregosa the Magician (Gargoyle Enchanter)         Turns: 2982, Time: 00:16:28

Health: 0/28       AC: 14    Str: 13    XL:     5   Next: 64%
Magic:  10/10      EV:  6    Int: 15    God:    Okawaru [......]
Gold:   163        SH:  3    Dex: 10    Spells: 10/11 levels left

rFire    . . .     SeeInvis .   k - +0 short sword (flame)
rCold    . . .     Faith    .   o - +0 buckler
rNeg     + . .     Spirit   .   c - +0 plate armour
rPois    ∞         Reflect  .   (no helmet)
rElec    +         Harm     .   (no cloak)
rCorr    .         Rampage  .   (no gloves)
Will     +....                  (no boots)
Stlth    ..........             (no amulet)
HPRegen  0.09/turn              h - ring of willpower
MPRegen  0.12/turn              n - +4 ring of evasion

@: no status effects
A: negative energy resistance 1, electricity resistance, unbreathing 1,
petrification resistance, miasma immunity, AC +4
a: Renounce Religion


You were on level 5 of the Dungeon.
You worshipped Okawaru.
Okawaru was noncommittal.
You visited 1 branch of the dungeon, and saw 5 of its levels.

You collected 163 gold pieces.

Inventory:

Hand Weapons
 a - a +1 dagger
 k - a +0 short sword of flaming (weapon)
 p - a +0 dagger of electrocution
Armour
 b - a +0 robe
 c - a +0 plate armour (worn)
 o - a +0 buckler (worn)
Jewellery
 h - a ring of willpower (left hand)
 n - a +4 ring of evasion (right hand)
Scrolls
 d - a scroll of fear {unknown}
 e - a scroll of enchant weapon {unknown}
 g - 2 scrolls of identify {unknown}
 i - a scroll of amnesia {unknown}
 j - a scroll of random uselessness {unknown}
 m - 2 scrolls of immolation {unknown}


   Skills:
 + Level 3.4 Short Blades
 - Level 1.5 Dodging
 - Level 3.2 Stealth
 + Level 3.9 Spellcasting
 - Level 2.6 Hexes


You had 10 spell levels left.
You knew the following spells:

 Your Spells              Type           Power        Failure   Level
a - Corona                Hex            12%          100%        1

Your spell library contained the following spells:

 Spells                   Type           Power        Failure   Level
 Ensorcelled Hibernation  Hex/Ice        12%          100%        2
 Confusing Touch          Hex            11%          100%        3
 Dazzling Flash           Conj/Hex       12%          100%        3
 Tukima's Dance           Hex            11%          100%        3


Dungeon Overview and Level Annotations

Branches:
Dungeon (5/15)
 Temple: D:4-7

Altars:
Okawaru
Vehumet


Innate Abilities, Weirdness & Mutations

You are resistant to torment.
Your stone body is resilient. (AC +4)
You are immune to poison.
You resist negative energy. (rN+)
You are resistant to electric shocks. (rElec)
You can survive without breathing.
You are immune to petrification.
You are immune to miasma.


Message History

Okawaru accepts your kill. The orc hits you but does no damage.
You hit the gnoll but do no damage. The gnoll barely misses you.
You block the orc's attack.
You hit the gnoll. You burn the gnoll.
The gnoll is moderately wounded.
The gnoll barely misses you.
The orc hits you from afar with a +0 trident.
You closely miss the gnoll.
The gnoll is moderately wounded.
The gnoll hits you.
* * * LOW HITPOINT WARNING * * *
You closely miss the gnoll.
The gnoll is moderately wounded.
The gnoll barely misses you.
The orc hits you from afar with a +0 trident.
* * * LOW HITPOINT WARNING * * *
You hit the gnoll but do no damage.
The gnoll is moderately wounded.
The gnoll hits you but does no damage. The orc hits you but does no damage.
You hit the gnoll but do no damage.
The gnoll is moderately wounded.
The gnoll hits you.
* * * LOW HITPOINT WARNING * * *
The orc closely misses you. The gnoll hits you but does no damage.
A worker ant comes into view.
You closely miss the worker ant.
The worker ant bites you but does no damage.
The gnoll hits you.
* * * LOW HITPOINT WARNING * * *
You hit the worker ant. You burn the worker ant.
The worker ant is heavily wounded.
The worker ant barely misses you. The gnoll hits you but does no damage.
The orc closely misses you.
You hit the worker ant but do no damage.
The worker ant is heavily wounded.
The worker ant barely misses you. You block the gnoll's attack.
The orc hits you from afar with a +0 trident.
You die...

.....###.#
.......<.#
..#####g##
#g# #o#
#o# #o#
#g# #@#
#.B.....#
#######.#


You could see a worker ant, 3 gnolls and 3 orcs.

Vanquished Creatures
  A hound (D:3)
  An orc priest (D:5)
  An orc wizard (D:5)
  3 adders
  A gnoll (D:5)
  An ooze (D:5)
  A worm (D:1)
  2 leopard geckos (D:1)
  4 orcs (D:5)
  A ball python (D:1)
  5 bats
  3 giant cockroaches
  4 hobgoblins
  3 jackals
  A quokka (D:3)
  2 frilled lizards (D:1)
  5 goblins
  9 kobolds
  A quokka skeleton (D:4)
  9 rats
58 creatures vanquished.

Vanquished Creatures (others)
  A goblin (D:2)
  A kobold (D:2)
2 creatures vanquished.

Grand Total: 60 creatures vanquished

Notes
Turn   | Place    | Note
-------+----------+-------------------------------------------
     0 | D:1      | Azuregosa the Gargoyle Enchanter began the quest for the
                  | Orb.
     0 | D:1      | Reached XP level 1. HP: 10/10 MP: 3/3
    10 | D:2      | Found a radiant altar of Vehumet.
   164 | D:1      | Reached skill level 1 in Short Blades
   245 | D:1      | Reached XP level 2. HP: 12/15 MP: 5/5
   742 | D:1      | Reached XP level 3. HP: 19/19 MP: 6/6
  1352 | D:3      | Reached XP level 4. HP: 19/24 MP: 8/8
  1441 | D:3      | Noticed an ogre
  1948 | D:3      | Found an iron altar of Okawaru.
  1967 | D:3      | Became a worshipper of Warmaster Okawaru
  2826 | D:4      | Noticed an ogre
  2858 | D:5      | Entered Level 5 of the Dungeon
  2877 | D:5      | HP: 1/24 [orc priest/nerve-wracking pain (3)]
  2886 | D:5      | Reached XP level 5. HP: 26/28 MP: 10/10
  2982 | D:5      | Slain by an orc

Illustrated notes

Levels and vault maps discovered:
D:1:      tarquinn_simple_flora_water_b, layout_loops_ring
D:2:      layout_basic, fiery_altar_vehumet
D:3:      layout_basic, lemuel_crystal_altar, portal_sewer_entry_e
D:4:      layout_basic, overflow_temple_1_default, roderic_roman_lattice
D:5:      layout_basic, nzn_hepliaklqana_mist_gate, lemuel_temple_firewalk_b,
          serial_shops, shop, uniq_eustachio

Skill      XL: |  1  2  3  4 |
---------------+-------------+-----
Short Blades   | 1 2 3 |  3.4
Spellcasting   | 3 |  3.9
Dodging        | |  1.5
Stealth        | |  3.2
Hexes          | |  2.6

Action                   |  1- 3 |  4- 6 || total
-------------------------+-------+-------++-------
Melee: Dagger            |    80 |       ||    80
       Short sword       |    99 |   159 ||   258
  Use: Potion            |       |     3 ||     3
 Stab: Sleeping          |     1 |       ||     1
Armor: Plate armour      |   144 |   162 ||   306
Dodge: Dodged            |    18 |    78 ||    96
Block: Buckler           |     3 |    35 ||    38

Table legend: (Time is in decaauts)
 A = Elapsed time spent in this place.
 B = Non-inter-level travel time spent in this place.
 C = Inter-level travel time spent in this place.
 D = Time resting spent in this place.
 E = Time spent auto-exploring this place.
 F = Levels seen in this place.
 G = Mean time per level.
                   A        B        C        D        E       F      G
               +--------+--------+--------+--------+--------+-----+--------+
         Total |   2973 |   2807 |    166 |    617 |   1369 |   5 |  594.6 |
       Dungeon |   2973 |   2807 |    166 |    617 |   1369 |   5 |  594.6 |
               +--------+--------+--------+--------+--------+-----+--------+

Top non-repeatable levels by time:
     D:1: 1160 daAuts
     D:3: 1160 daAuts
     D:2: 274 daAuts
     D:4: 270 daAuts
     D:5: 107 daAuts
